 Dungeon Crawl Stone Soup version 0.28-a0-48-gfd831c5874 (webtiles) character file.

Game seed: 16862599770185528535

114 Spaninq the Sneak (level 4, 0/21 HPs)
             Began as a Spriggan Enchanter on July 29, 2021.
             Killed from afar by an orc wizard (9 damage)
             ... with a magic dart
             ... on level 3 of the Dungeon.
             The game lasted 00:08:20 (3224 turns).

Spaninq the Sneak (Spriggan Enchanter)              Turns: 3224, Time: 00:08:21

Health: 0/21       AC:  2    Str:  4    XL:     4   Next: 67%
Magic:  1/10       EV: 18    Int: 16    God:
Gold:   86         SH:  0    Dex: 16    Spells: 6/9 levels left

rFire   . . .      SeeInvis +   a - +1 dagger
rCold   . . .      Faith    .   (shield restricted)
rNeg    . . .      Spirit   .   b - +0 robe
rPois   .          Reflect  .   (helmet restricted)
rElec   .          Harm     .   (no cloak)
rCorr   .          Rampage  .   (gloves unavailable)
Will    .....                   (boots unavailable)
Stlth   +++.......              (no amulet)
HPRegen 0.07/turn               (no ring)
MPRegen 0.12/turn               (no ring)

@: very quick
A: very small, no large weapons, unfitting armour, see invisible, speed 3
a: no special abilities


You were on level 3 of the Dungeon.
You visited 1 branch of the dungeon, and saw 3 of its levels.

You collected 86 gold pieces.

Inventory:

Hand Weapons
 a - a +1 dagger (weapon)
Armour
 b - a +0 robe (worn)
Jewellery
 i - a +4 ring of protection
Scrolls
 e - a scroll of blinking {unknown}
 f - a scroll of identify {unknown}
 h - a scroll of enchant weapon {unknown}
 j - a scroll of amnesia {unknown}
 l - a scroll of noise {unknown}
 m - a scroll of teleportation {unknown}
 o - a scroll of vulnerability {unknown}
Potions
 c - 3 potions of curing {unknown}
 d - a potion of invisibility {unknown}
 g - a potion of resistance {unknown}
 k - a potion of flight {unknown}
 n - a potion of mutation {unknown}
 p - a potion of might {unknown}


   Skills:
 * Level 2.7 Short Blades
 + Level 3.4 Dodging
 * Level 5.8 Stealth
 + Level 3.3 Spellcasting
 + Level 4.2 Hexes


You had 6 spell levels left.
You knew the following spells:

 Your Spells              Type           Power      Damage    Failure   Level
a - Corona                Hex            17%        N/A       3%          1
b - Ensorcelled Hibernat  Hex/Ice        18%        N/A       12%         2

Your spell library contained the following spells:

 Spells                   Type           Power      Damage    Failure   Level
 Confusing Touch          Hex            16%        N/A       10%         3
 Tukima's Dance           Hex            16%        N/A       10%         3
 Dazzling Flash           Conj/Hex       18%        N/A       22%         3


Dungeon Overview and Level Annotations

Branches:
Dungeon (3/15)

Altars:
Hepliaklqana


Innate Abilities, Weirdness & Mutations

You are very small and have problems with some larger weapons.
You are too small for most types of armour.
You have supernaturally acute eyesight. (SInv)
You cover ground extremely quickly. (Speed+++)


Message History

The orc wizard completely misses you.
You hit the orc wizard.
The orc wizard is moderately wounded.
The orc wizard gestures at you while chanting.
The magic dart hits you.
You barely miss the orc wizard.
The orc wizard is moderately wounded.
The orc wizard hits you but does no damage.
You closely miss the orc wizard.
The orc wizard is moderately wounded.
The orc wizard misses you.
You closely miss the orc wizard.
The orc wizard is moderately wounded.
The orc wizard hits you but does no damage.
You barely miss the orc wizard.
The orc wizard is moderately wounded.
The orc wizard closely misses you.
You closely miss the orc wizard.
The orc wizard is moderately wounded.
The orc wizard misses you.
Casting: Ensorcelled Hibernation (safe; 12% risk of failure)
Confirm with . or Enter, or press ? or * to list all spells.
Aiming: Ensorcelled Hibernation (safe; 12% risk of failure)
Press: ? - help, Shift-Dir - straight line, f/p - orc wizard
Aim: an orc wizard, wielding a +0 dagger and wearing a +0 robe (moderately wounded, slightly transparent, chance to affect: 40%)
The orc wizard resists with some effort.
The orc wizard barely misses you.
You hit the orc wizard but do no damage.
The orc wizard is moderately wounded.
The orc wizard points at you and mumbles some strange words.
The magic dart hits you!
An orc wizard comes into view. It is wielding a +0 dagger.
The orc wizard moves out of view.
The orc wizard gestures at you while chanting.
You easily resist.
You hear a shout!
An orc comes into view. It is wielding a +0 short sword.
The orc wizard gestures at you while chanting.
The magic dart hits you!
You die...

............##................#.#
............##.....######.#####.#
............##.....# #.# #.#
............##.....# #.# #.#
............##.....######.# #.#
............##............# #.#
............#############.# #.#
............########### #######.#
................@.#... .........
.............####.#.###########.#
.)...........#..............o....
.>...........#........#########.#
.............#........# #.o....
...<.........#....o...# #.#####
............##...o..$.# #†#
............##........#####.#
.............+.............o#


You could see an orc wizard and an orc.

Vanquished Creatures
  A gnoll (D:1)
  4 adders
  2 worms (D:2)
  4 dart slugs
  2 orcs (D:3)
  5 endoplasms
  2 giant cockroaches (D:1)
  6 goblins
  2 hobgoblins
  A jackal (D:2)
  3 kobolds
  6 quokkas
  4 ball pythons
  3 bats (D:1)
  2 frilled lizards
  6 rats
53 creatures vanquished.

Notes
Turn   | Place    | Note
-------+----------+-------------------------------------------
     0 | D:1      | Spaninq the Spriggan Enchanter began the quest for the Orb.
     0 | D:1      | Reached XP level 1. HP: 9/9 MP: 5/5
   142 | D:1      | Found a faded altar of an unknown god.
   190 | D:1      | Reached XP level 2. HP: 6/13 MP: 6/6
   346 | D:1      | Learned a level 2 spell: Ensorcelled Hibernation
   415 | D:1      | Reached skill level 5 in Stealth
   623 | D:1      | Reached XP level 3. HP: 16/16 MP: 0/8
  1419 | D:2      | Found a hazy altar of Hepliaklqana.
  2028 | D:2      | Reached XP level 4. HP: 21/21 MP: 6/9
  3224 | D:3      | Killed from afar by an orc wizard

Illustrated notes

Levels and vault maps discovered:
D:1:      roderic_chinese_lattice_arrival, layout_basic, basic_ecumenical_altar
D:2:      minmay_diamond_boxcup, layout_loops_ring, basic_altar
D:3:      layout_basic

Skill      XL: |  1  2  3 |
---------------+----------+-----
Dodging        | 3 |  3.4
Stealth        | 5 |  5.8
Short Blades   | 2 |  2.7
Spellcasting   | 3 |  3.3
Hexes          | 4 |  4.2

Action                   |  1- 3 |  4- 6 || total
-------------------------+-------+-------++-------
Melee: Dagger            |    58 |    24 ||    82
 Cast: Ensorcelled Hiber |    31 |    16 ||    47
 Stab: Sleeping          |    36 |    13 ||    49
Armor: Robe              |     5 |     4 ||     9
Dodge: Dodged            |    22 |     8 ||    30

Table legend: (Time is in decaauts)
 A = Elapsed time spent in this place.
 B = Non-inter-level travel time spent in this place.
 C = Inter-level travel time spent in this place.
 D = Time resting spent in this place.
 E = Time spent auto-exploring this place.
 F = Levels seen in this place.
 G = Mean time per level.
                   A        B        C        D        E       F      G
               +--------+--------+--------+--------+--------+-----+--------+
         Total |   2413 |   2382 |     31 |    853 |   1039 |   3 |  804.3 |
       Dungeon |   2413 |   2382 |     31 |    853 |   1039 |   3 |  804.3 |
               +--------+--------+--------+--------+--------+-----+--------+

Top non-repeatable levels by time:
     D:1: 1105 daAuts
     D:2: 656 daAuts
     D:3: 651 daAuts
